AoeStats
← O grande

Arabia

505852059Analyzed
1v1 RM · 21d ago on Sep 11, 2026· 50m 22s· 2 players
Game mode
Random Map
Map size
Tiny (2 player)
Population
200
Speed
Normal
Resources
Standard
Victory
Conquest
Starting age
Dark Age
Ending age
Imperial Age
RankedLock teamsTeams togetherTeam positionsShared explorationLock speedFull tech treeHidden civsTurbo modeCheats
Victory
Defeat
🇧🇷 Chinese · Brazil
2012
+17
🇦🇷 Mongols · Argentina
2034
-17
O grande
0:26 Loom
9:17 Feudal Age
9:45 Double-Bit Axe
21:04 Castle Age
19:33 Fletching
19:56 Gold Mining
20:41 Padded Archer Armor
21:40 Bodkin Arrow
21:16 Crossbowman
24:27 Ballistics
24:10 Town Watch
28:56 Bow Saw
28:31 Horse Collar
30:52 Scale Barding Armor
35:50 Wheelbarrow
40:04 Imperial Age
37:49 Stone Mining
38:03 Heavy Plow
41:04 Bracer
42:09 Chemistry
43:12 Arbalester
43:57 Thumb Ring
45:22 Hand Cart
47:25 Elite Skirmisher
47:35 Light Cavalry
49:12 Bloodlines
49:02 Husbandry
49:13 Husbandry
51:10 Chain Barding Armor
[AirBo]空氣包
6:14 Loom
8:21 Feudal Age
8:56 Double-Bit Axe
19:57 Castle Age
18:29 Fletching
18:34 Gold Mining
18:29 Horse Collar
19:43 Padded Archer Armor
20:33 Bodkin Arrow
19:59 Crossbowman
22:03 Ballistics
24:17 Bow Saw
24:39 Husbandry
25:30 Bloodlines
26:04 Town Watch
41:25 Masonry
47:20 Imperial Age
46:36 Elite Skirmisher
48:02 Bracer
48:18 Leather Archer Armor
49:58 Chemistry
Connection lost

Rejoining the realm…

Still unreachable

The connection could not be restored.

Session expired

The server has moved on; the page needs a fresh start.